General information
- name: BNet
- type: Ladder team game (AT/RT)
- host: Battle.net
- saver: Charlemagne69
map: Feralas_LV
- players: 8
- length: 52:26
- speed: Fast
- version: 1.29 W3XP
- replay type: Public
» download(453 KB)
Players
team 1 (loser)

»
reallybad (
yellow | 327 APM | 705 actions | 02:09)
» actions
| Assign group hotkey | 3 | |
| Build / train | 8 | |
| ESC pressed | 1 | |
| Enter build submenu | 6 | |
| Right click | 54 | |
| Select / deselect | 12 | |
| Select group hotkey | 616 | |
| Use ability | 5 | |
705 total
» units
» buildings
| Crypt | 1 | |
| Altar of Darkness | 1 | |
| Ziggurat | 2 | |
| Tomb of Relics | 1 | |
5 total
» build order
00:13 Crypt
00:15 Altar of Darkness
00:23 Ziggurat
01:06 Tomb of Relics
01:20 Ziggurat
polskibog (
red | 122 APM | 6422 actions | 52:25)
7 Archmage
3 Summon Water Elemental
3 Brilliance Aura
1 Mass Teleport
6 Mountain King
3 Storm Bolt
2 Bash
1 Avatar
3 Goblin Alchemist
1 Healing Spray
2 Acid Bomb
1 Blademaster
1 Wind Walk
1 Death Knight
1 Unholy Aura
1 Tauren Chieftain
1 Endurance Aura
» actions
| Assign group hotkey | 87 | |
| Basic commands | 246 | |
| Build / train | 261 | |
| ESC pressed | 18 | |
| Enter build submenu | 100 | |
| Enter hero's abilities submenu | 20 | |
| Give item / drop item | 12 | |
| Right click | 1926 | |
| Select / deselect | 1129 | |
| Select group hotkey | 2113 | |
| Use ability | 510 | |
6422 total
» units
| Peasant | 20 | |
| Footman | 3 | |
| Rifleman | 12 | |
| Sorceress | 7 | |
| Mortar Team | 6 | |
| Knight | 5 | |
| Spell Breaker | 4 | |
| Priest | 3 | |
| Siege Engine | 1 | |
61 total
» upgrades
| Gunpowder | 3 | |
| Masonry | 3 | |
| Long Rifles | 1 | |
| Armor | 3 | |
| Priest Training | 2 | |
| Sorceress Training | 2 | |
| Plating | 3 | |
| Lumber Harvesting | 2 | |
| Spiked Barricades | 2 | |
| Reinforced Defenses | 1 | |
| Swords | 4 | |
| Animal War Training | 1 | |
| Flare | 1 | |
| Control Magic | 1 | |
| Fragmentation Shards | 1 | |
| Barrage | 1 | |
| Magic Sentry | 1 | |
| Flak Cannons | 1 | |
| Flying Machine Bombs | 1 | |
| Backpack | 1 | |
| Defend | 1 | |
36 total
» buildings
| Altar of Kings | 1 | |
| Barracks | 1 | |
| Farm | 10 | |
| Blacksmith | 2 | |
| Lumber Mill | 1 | |
| Arcane Vault | 2 | |
| Keep | 2 | |
| Town Hall | 6 | |
| Scout Tower | 27 | |
| Arcane Tower | 10 | |
| Castle | 3 | |
| Arcane Sanctum | 2 | |
| Guard Tower | 43 | |
| Workshop | 2 | |
| Fortress | 3 | |
| Watch Tower | 39 | |
| Cannon Tower | 8 | |
| Voodoo Lounge | 1 | |
163 total
» build order
01:01 Altar of Kings
01:03 Barracks
01:05 Farm
01:07 Farm
01:08 Farm
01:27 Farm
01:58 Blacksmith
02:01 Blacksmith
02:19 Farm
02:55 Lumber Mill
03:10 Farm
04:02 Arcane Vault
04:04 Arcane Vault
04:14 Keep
04:14 Keep
04:32 Town Hall
04:34 Scout Tower
05:20 Arcane Tower
05:20 Arcane Tower
05:20 Arcane Tower
07:10 Scout Tower
07:11 Scout Tower
08:37 Castle
08:37 Castle
08:37 Castle
08:54 Arcane Sanctum
08:57 Arcane Sanctum
09:00 Guard Tower
09:00 Guard Tower
09:00 Guard Tower
09:00 Guard Tower
09:00 Guard Tower
10:24 Scout Tower
10:25 Scout Tower
12:00 Workshop
13:43 Guard Tower
13:43 Guard Tower
13:43 Guard Tower
13:45 Scout Tower
13:46 Scout Tower
14:32 Workshop
14:45 Guard Tower
14:45 Guard Tower
14:45 Guard Tower
14:46 Scout Tower
14:48 Scout Tower
14:59 Fortress
14:59 Fortress
14:59 Fortress
15:02 Watch Tower
15:03 Watch Tower
15:04 Watch Tower
15:05 Watch Tower
15:06 Watch Tower
15:07 Watch Tower
15:08 Watch Tower
15:17 Guard Tower
15:17 Guard Tower
15:17 Guard Tower
15:21 Scout Tower
15:24 Scout Tower
15:32 Cannon Tower
15:33 Cannon Tower
16:03 Cannon Tower
16:03 Cannon Tower
16:03 Cannon Tower
16:39 Scout Tower
16:40 Scout Tower
16:41 Scout Tower
17:11 Guard Tower
17:11 Guard Tower
17:11 Guard Tower
17:12 Cannon Tower
17:12 Cannon Tower
17:12 Cannon Tower
17:37 Guard Tower
17:37 Guard Tower
17:37 Guard Tower
17:40 Scout Tower
17:41 Scout Tower
18:09 Farm
18:25 Guard Tower
18:25 Guard Tower
18:40 Guard Tower
18:40 Guard Tower
18:40 Guard Tower
19:12 Watch Tower
19:13 Watch Tower
19:16 Watch Tower
19:17 Watch Tower
20:22 Farm
20:57 Farm
20:57 Farm
21:37 Town Hall
25:45 Town Hall
25:46 Scout Tower
25:47 Scout Tower
25:48 Scout Tower
26:59 Arcane Tower
27:00 Guard Tower
27:00 Guard Tower
27:00 Guard Tower
27:00 Guard Tower
27:01 Guard Tower
28:52 Guard Tower
36:19 Town Hall
36:56 Town Hall
39:06 Scout Tower
39:07 Scout Tower
39:09 Scout Tower
39:12 Scout Tower
40:09 Arcane Tower
40:09 Arcane Tower
40:09 Arcane Tower
40:10 Guard Tower
40:10 Guard Tower
40:10 Guard Tower
40:13 Guard Tower
40:14 Guard Tower
40:14 Guard Tower
42:26 Town Hall
42:28 Scout Tower
42:29 Scout Tower
42:32 Scout Tower
42:39 Scout Tower
42:59 Guard Tower
42:59 Guard Tower
42:59 Arcane Tower
42:59 Arcane Tower
43:00 Arcane Tower
43:03 Guard Tower
43:03 Guard Tower
43:08 Guard Tower
43:09 Guard Tower
43:15 Watch Tower
43:17 Watch Tower
43:19 Watch Tower
43:21 Watch Tower
43:22 Watch Tower
43:35 Watch Tower
43:37 Watch Tower
43:38 Watch Tower
43:39 Watch Tower
43:41 Watch Tower
43:44 Watch Tower
45:01 Voodoo Lounge
46:39 Watch Tower
46:40 Watch Tower
46:41 Watch Tower
46:43 Watch Tower
46:44 Watch Tower
47:54 Watch Tower
47:56 Watch Tower
47:58 Watch Tower
48:01 Watch Tower
48:02 Watch Tower
48:29 Watch Tower
48:31 Watch Tower
48:43 Watch Tower
52:14 Watch Tower
52:16 Watch Tower
52:17 Watch Tower
52:21 Watch Tower
» items
| Scroll of Regeneration | 5 | |
| Mechanical Critter | 4 | |
| Boots of Speed | 3 | |
| Scroll of Protection | 5 | |
| Orb of Corruption | 1 | |
| Scroll of Healing | 2 | |
| Potion of Healing | 3 | |
| Scroll of Town Portal | 5 | |
| Lesser Clarity Potion | 2 | |
| Staff of Sanctuary | 1 | |
| Ivory Tower | 4 | |
| Periapt of Vitality | 1 | |
| Tiny Great Hall | 1 | |
| Orb of Lightning | 3 | |
| Orb of Fire | 2 | |
42 total
GeneralAnal83 (
green | 62 APM | 883 actions | 14:16)
4 Tauren Chieftain
2 War Stomp
2 Endurance Aura
1 Death Knight
1 Death Coil
» actions
| Assign group hotkey | 19 | |
| Build / train | 58 | |
| Enter build submenu | 18 | |
| Enter hero's abilities submenu | 5 | |
| Give item / drop item | 1 | |
| Right click | 347 | |
| Select / deselect | 145 | |
| Select group hotkey | 217 | |
| Use ability | 72 | |
883 total
» units
| Peon | 18 | |
| Grunt | 10 | |
| Crypt Fiend | 2 | |
30 total
» upgrades
| Spiked Barricades | 1 | |
| Armor | 1 | |
| Melee Weapons | 1 | |
| Ranged Weapons | 1 | |
4 total
» buildings
| Altar of Storms | 1 | |
| Orc Burrow | 5 | |
| Barracks | 1 | |
| Voodoo Lounge | 2 | |
| Graveyard | 1 | |
| Halls of the Dead | 1 | |
| Ziggurat | 1 | |
| Nerubian Tower | 1 | |
| War Mill | 1 | |
| Great Hall | 1 | |
| Watch Tower | 3 | |
| Stronghold | 1 | |
| Sacrificial Pit | 1 | |
20 total
» build order
01:05 Altar of Storms
01:11 Orc Burrow
01:32 Orc Burrow
01:36 Barracks
02:46 Orc Burrow
03:03 Voodoo Lounge
03:42 Graveyard
03:45 Halls of the Dead
03:52 Ziggurat
04:04 Orc Burrow
05:31 Nerubian Tower
06:07 War Mill
07:59 Great Hall
08:02 Voodoo Lounge
09:12 Watch Tower
10:32 Watch Tower
11:06 Stronghold
11:29 Watch Tower
11:55 Sacrificial Pit
12:06 Orc Burrow
» items
| Healing Salve | 3 | |
| Lesser Clarity Potion | 3 | |
| Scroll of Speed | 1 | |
| Rod of Necromancy | 2 | |
| Scroll of Town Portal | 2 | |
| Potion of Lesser Invulnerability | 1 | |
| Scroll of Protection | 1 | |
| Potion of Healing | 1 | |
| Potion of Mana | 1 | |
15 total

»
popsurpuse (
pink | 33 APM | 491 actions | 14:39)
2 Blademaster
1 Wind Walk
1 Critical Strike
1 Tauren Chieftain
1 War Stomp
» actions
| Assign group hotkey | 3 | |
| Basic commands | 39 | |
| Build / train | 65 | |
| Enter build submenu | 13 | |
| Enter hero's abilities submenu | 3 | |
| Remove unit from queue | 3 | |
| Right click | 161 | |
| Select / deselect | 153 | |
| Select group hotkey | 3 | |
| Use ability | 48 | |
491 total
» units
| Peon | 9 | |
| Grunt | 10 | |
| Ghoul | 3 | |
| Crypt Fiend | 15 | |
| Troll Headhunter/Berserker | 2 | |
| Shaman | 2 | |
| Acolyte | 1 | |
42 total
» upgrades
| Berserker Strength | 1 | |
| Web | 1 | |
| Armor | 2 | |
| Shaman Training | 2 | |
| Berserker Upgrade | 1 | |
| Pulverize | 1 | |
8 total
» buildings
| Altar of Storms | 1 | |
| Orc Burrow | 5 | |
| Barracks | 1 | |
| Voodoo Lounge | 1 | |
| Stronghold | 1 | |
| War Mill | 2 | |
| Black Citadel | 1 | |
| Fortress | 1 | |
| Great Hall | 1 | |
| Spirit Lodge | 1 | |
| Tauren Totem | 1 | |
16 total
» build order
00:29 Altar of Storms
00:43 Orc Burrow
01:56 Barracks
02:00 Orc Burrow
02:30 Voodoo Lounge
04:10 Stronghold
04:17 Orc Burrow
04:27 War Mill
04:41 War Mill
05:15 Orc Burrow
06:12 Black Citadel
06:49 Fortress
07:27 Great Hall
07:59 Spirit Lodge
11:29 Tauren Totem
12:56 Orc Burrow
» items
| Healing Salve | 2 | |
| Scroll of Town Portal | 1 | |
3 total
team 2 (winner)
SporeAnemone (
blue | 122 APM | 2862 actions | 23:27)
6 Tauren Chieftain
3 Shockwave
2 Endurance Aura
1 Reincarnation
» actions
| Assign group hotkey | 730 | |
| Basic commands | 173 | |
| Build / train | 73 | |
| ESC pressed | 3 | |
| Enter build submenu | 30 | |
| Enter hero's abilities submenu | 6 | |
| Give item / drop item | 2 | |
| Remove unit from queue | 1 | |
| Right click | 926 | |
| Select / deselect | 212 | |
| Select group hotkey | 641 | |
| Use ability | 65 | |
2862 total
» units
| Peon | 21 | |
| Grunt | 7 | |
| Shaman | 10 | |
| Tauren | 8 | |
46 total
» upgrades
| Melee Weapons | 2 | |
| Berserker Strength | 1 | |
| Shaman Training | 2 | |
| Pulverize | 1 | |
| Armor | 1 | |
| Berserker Upgrade | 1 | |
8 total
» buildings
| Altar of Storms | 1 | |
| Orc Burrow | 9 | |
| Barracks | 1 | |
| Voodoo Lounge | 2 | |
| War Mill | 2 | |
| Stronghold | 1 | |
| Watch Tower | 1 | |
| Spirit Lodge | 2 | |
| Fortress | 1 | |
| Great Hall | 4 | |
| Tauren Totem | 2 | |
26 total
» build order
00:03 Altar of Storms
00:12 Orc Burrow
00:37 Barracks
01:25 Orc Burrow
02:00 Voodoo Lounge
02:40 War Mill
03:28 Stronghold
04:05 Watch Tower
04:20 Orc Burrow
06:01 Spirit Lodge
06:03 Fortress
07:24 Voodoo Lounge
07:47 Great Hall
08:57 Tauren Totem
09:30 Tauren Totem
10:18 Orc Burrow
13:43 Orc Burrow
13:46 Orc Burrow
14:08 War Mill
15:13 Spirit Lodge
15:50 Great Hall
20:15 Great Hall
21:22 Orc Burrow
21:23 Orc Burrow
21:24 Orc Burrow
23:23 Great Hall
» items
| Healing Salve | 3 | |
| Lesser Clarity Potion | 2 | |
| Scroll of Town Portal | 3 | |
| Orb of Lightning | 1 | |
9 total
AndreyS (
orange | 34 APM | 1799 actions | 52:25)
5 Crypt Lord
3 Carrion Beetles
1 Spiked Carapace
1 Impale
3 Death Knight
2 Death Coil
1 Unholy Aura
1 Pit Lord
1 Howl of Terror
» actions
| Assign group hotkey | 70 | |
| Basic commands | 47 | |
| Build / train | 77 | |
| Enter build submenu | 20 | |
| Enter hero's abilities submenu | 9 | |
| Give item / drop item | 12 | |
| Remove unit from queue | 1 | |
| Right click | 695 | |
| Select / deselect | 323 | |
| Select group hotkey | 432 | |
| Use ability | 113 | |
1799 total
» units
| Acolyte | 11 | |
| Ghoul | 4 | |
| Crypt Fiend | 15 | |
| Forest Troll Shadow Priest | 4 | |
| Forest Troll Berserker | 2 | |
| Frost Wyrm | 2 | |
| Ogre Mauler | 1 | |
39 total
» upgrades
| Creature Attack | 2 | |
| Creature Carapace | 2 | |
| Burrow | 1 | |
| Web | 1 | |
| Ghoul Frenzy | 1 | |
| Spiked Barricades | 1 | |
8 total
» buildings
| Crypt | 1 | |
| Graveyard | 1 | |
| Altar of Darkness | 1 | |
| Ziggurat | 9 | |
| Tomb of Relics | 1 | |
| Nerubian Tower | 1 | |
| Halls of the Dead | 1 | |
| Sacrificial Pit | 1 | |
| Black Citadel | 1 | |
| Necropolis | 1 | |
| Boneyard | 3 | |
| Spirit Tower | 1 | |
| Orc Burrow | 2 | |
24 total
» build order
00:15 Crypt
00:20 Graveyard
00:43 Altar of Darkness
01:01 Ziggurat
01:28 Ziggurat
01:45 Tomb of Relics
02:09 Nerubian Tower
03:57 Ziggurat
04:42 Ziggurat
05:14 Halls of the Dead
06:12 Ziggurat
06:57 Ziggurat
08:53 Sacrificial Pit
14:48 Black Citadel
16:13 Ziggurat
16:14 Ziggurat
16:15 Ziggurat
16:19 Necropolis
17:23 Boneyard
17:24 Boneyard
17:26 Boneyard
19:13 Spirit Tower
29:47 Orc Burrow
29:52 Orc Burrow
» items
| Dust of Appearance | 1 | |
| Rod of Necromancy | 3 | |
| Potion of Mana | 1 | |
| Scroll of Town Portal | 1 | |
| Potion of Lesser Invulnerability | 1 | |
| Scroll of Protection | 1 | |
| Boots of Speed | 1 | |
| Lesser Clarity Potion | 3 | |
12 total
Charlemagne69 (
teal | 62 APM | 3260 actions | 52:26)
6 Blademaster
3 Wind Walk
2 Critical Strike
1 Bladestorm
» actions
| Assign group hotkey | 59 | |
| Basic commands | 449 | |
| Build / train | 91 | |
| Enter build submenu | 56 | |
| Enter hero's abilities submenu | 6 | |
| Give item / drop item | 11 | |
| Remove unit from queue | 2 | |
| Right click | 1079 | |
| Select / deselect | 491 | |
| Select group hotkey | 759 | |
| Use ability | 257 | |
3260 total
» units
| Peon | 25 | |
| Grunt | 4 | |
| Demolisher | 4 | |
| Wind Rider | 10 | |
43 total
» upgrades
| Reinforced Defenses | 1 | |
| Ranged Weapons | 3 | |
| Armor | 3 | |
| Envenomed Spears | 1 | |
8 total
» buildings
| Orc Burrow | 11 | |
| Altar of Storms | 1 | |
| Barracks | 1 | |
| Voodoo Lounge | 4 | |
| Stronghold | 1 | |
| War Mill | 2 | |
| Great Hall | 2 | |
| Fortress | 1 | |
| Watch Tower | 36 | |
| Beastiary | 4 | |
63 total
» build order
00:09 Orc Burrow
00:45 Orc Burrow
00:55 Orc Burrow
01:05 Altar of Storms
01:07 Barracks
01:38 Voodoo Lounge
02:50 Stronghold
03:49 War Mill
04:10 Orc Burrow
05:21 Great Hall
06:40 Fortress
07:01 Watch Tower
07:01 Watch Tower
07:02 Watch Tower
07:04 Watch Tower
08:12 Voodoo Lounge
09:09 War Mill
09:36 Watch Tower
09:36 Watch Tower
09:36 Watch Tower
09:41 Watch Tower
09:41 Watch Tower
10:03 Voodoo Lounge
10:06 Voodoo Lounge
11:01 Beastiary
11:01 Beastiary
11:02 Beastiary
11:03 Beastiary
13:36 Watch Tower
13:36 Watch Tower
13:37 Watch Tower
13:37 Watch Tower
13:38 Watch Tower
13:39 Watch Tower
13:40 Watch Tower
13:41 Watch Tower
13:43 Watch Tower
13:43 Watch Tower
13:44 Watch Tower
13:45 Watch Tower
14:53 Orc Burrow
14:56 Orc Burrow
14:58 Orc Burrow
15:05 Orc Burrow
15:08 Watch Tower
15:08 Watch Tower
15:09 Watch Tower
20:09 Orc Burrow
20:11 Orc Burrow
20:41 Orc Burrow
21:56 Watch Tower
21:57 Watch Tower
21:58 Watch Tower
28:33 Great Hall
29:05 Watch Tower
29:06 Watch Tower
29:11 Watch Tower
29:12 Watch Tower
29:15 Watch Tower
29:18 Watch Tower
29:21 Watch Tower
29:23 Watch Tower
29:26 Watch Tower
» items
| Healing Salve | 6 | |
| Lesser Clarity Potion | 2 | |
| Potion of Mana | 1 | |
| Orb of Lightning | 1 | |
| Potion of Lesser Invulnerability | 3 | |
| Staff of Teleportation | 1 | |
| Scroll of Town Portal | 5 | |
| Potion of Healing | 3 | |
22 total
NyZen.[eGz] (
purple | 116 APM | 5810 actions | 50:16)
8 Paladin
3 Holy Light
3 Divine Shield
1 Devotion Aura
1 Resurrection
» actions
| Assign group hotkey | 9 | |
| Basic commands | 159 | |
| Build / train | 146 | |
| Enter build submenu | 33 | |
| Enter hero's abilities submenu | 8 | |
| Give item / drop item | 3 | |
| Remove unit from queue | 4 | |
| Right click | 3370 | |
| Select / deselect | 1090 | |
| Select group hotkey | 827 | |
| Use ability | 157 | |
5810 total
» units
| Peasant | 23 | |
| Footman | 4 | |
| Rifleman | 41 | |
| Dragonhawk Rider | 6 | |
74 total
» upgrades
| Armor | 3 | |
| Gunpowder | 3 | |
| Long Rifles | 1 | |
| Lumber Harvesting | 1 | |
| Cloud | 1 | |
| Masonry | 2 | |
11 total
» buildings
| Barracks | 2 | |
| Farm | 12 | |
| Altar of Kings | 1 | |
| Blacksmith | 1 | |
| Scout Tower | 7 | |
| Arcane Tower | 5 | |
| Town Hall | 6 | |
| Arcane Vault | 1 | |
| Lumber Mill | 1 | |
| Keep | 2 | |
| Castle | 1 | |
| Gryphon Aviary | 2 | |
| Guard Tower | 6 | |
47 total
» build order
00:09 Barracks
00:12 Farm
00:21 Altar of Kings
00:51 Farm
02:21 Blacksmith
02:45 Farm
03:34 Farm
04:04 Scout Tower
04:35 Arcane Tower
04:35 Arcane Tower
05:12 Town Hall
05:15 Scout Tower
05:35 Arcane Vault
06:05 Arcane Tower
06:06 Arcane Tower
07:13 Lumber Mill
07:37 Keep
07:37 Keep
07:40 Farm
09:34 Barracks
10:18 Farm
13:27 Farm
13:28 Farm
13:54 Castle
15:36 Farm
15:36 Farm
16:04 Farm
16:05 Farm
18:35 Town Hall
19:48 Town Hall
21:30 Gryphon Aviary
21:35 Gryphon Aviary
23:15 Town Hall
26:32 Scout Tower
26:45 Scout Tower
26:47 Scout Tower
26:49 Scout Tower
27:02 Scout Tower
27:08 Guard Tower
27:08 Guard Tower
27:26 Guard Tower
27:26 Guard Tower
27:37 Guard Tower
27:37 Guard Tower
28:00 Town Hall
34:06 Town Hall
» items
| Scroll of Regeneration | 4 | |
| Potion of Healing | 3 | |
| Scroll of Town Portal | 4 | |
| Staff of Teleportation | 1 | |
| Boots of Speed | 1 | |
| Potion of Lesser Invulnerability | 2 | |
15 total
Chat log
(00:08 / Allies) SporeAnemone: sup sluts?
(00:47 / All) SporeAnemone: u guys ever use the patrol command?
(00:59 / All) reallybad: if im waiting for tavern hero
(01:04 / All) SporeAnemone: neat.
(01:09 / Allies) SporeAnemone: tc
(01:10 / Allies) SporeAnemone: melee
(01:11 / Allies) SporeAnemone: shamans
(02:09 / All) AndreyS: :-S
(02:14 / Allies) SporeAnemone: prepare for a mass rush
(02:31 / Allies) SporeAnemone: maybe tower in your base
(03:31 / Allies) SporeAnemone: gold 100?
(03:43 / Allies) SporeAnemone: k
(03:45 / Allies) SporeAnemone: thx
(05:53 / Allies) SporeAnemone: ok they not trying too hard to use him
(05:55 / Allies) SporeAnemone: probably then
(07:44 / Allies) SporeAnemone: atk there
(08:05 / Allies) SporeAnemone: i bet they
(08:46 / Allies) SporeAnemone: atk here
(08:51 / Allies) SporeAnemone: after camp
(09:05 / Allies) SporeAnemone: dont atk ud
(09:06 / Allies) SporeAnemone: it sucks
(10:08 / Allies) SporeAnemone: why u dont wanna tk with me
(11:27 / Allies) SporeAnemone: wood pls
(11:34 / Allies) SporeAnemone: who counters wyrms here?
(12:01 / Allies) SporeAnemone: srsly
(12:02 / Allies) SporeAnemone: guys
(12:37 / All) Charlemagne69: thx for da assist brutha
(12:46 / Allies) SporeAnemone: heal tauren
(13:29 / Allies) SporeAnemone: surround him man
(13:36 / Allies) SporeAnemone: main
(14:18 / All) SporeAnemone: gg
(14:29 / Allies) SporeAnemone: -.-
(14:30 / Allies) SporeAnemone: wtf man
(14:41 / Allies) Charlemagne69: bete comme ses pieds
(14:58 / Allies) SporeAnemone: qui?
(15:21 / Allies) Charlemagne69: wood lumber
(16:43 / All) SporeAnemone: gg bro
(17:14 / Allies) SporeAnemone: gold?
(18:55 / Allies) NyZen.[eGz]: KILL TEAL
(18:56 / Allies) NyZen.[eGz]: blue
(18:57 / Allies) AndreyS: teal tk
(19:03 / Allies) SporeAnemone: k
(20:04 / Allies) SporeAnemone: he fkn serious right now?
(20:04 / Allies) NyZen.[eGz]: wood
(20:08 / Allies) NyZen.[eGz]: max wood
(20:40 / Allies) SporeAnemone: nyzen
(21:05 / Allies) SporeAnemone: tp
(22:40 / Allies) NyZen.[eGz]: wood plz
(29:47 / Allies) Charlemagne69: je te pisse a la raie
(29:56 / Allies) AndreyS: rat gay\
(29:58 / Allies) AndreyS: teal
(30:27 / All) polskibog: gg
(30:29 / Allies) Charlemagne69: fini a la pisse
(30:39 / All) AndreyS: teal idiot tk gay
(31:41 / All) NyZen.[eGz]: u are idiot red
(31:46 / All) polskibog: you are loser
(31:47 / All) polskibog: I'm winner
(31:49 / All) NyZen.[eGz]: idiot
(31:51 / Allies) Charlemagne69: sous-merde
(32:04 / All) NyZen.[eGz]: u are idiot because orange and me try to tk teal
(32:10 / All) polskibog: you're easy son
(32:14 / All) polskibog: I rocked you
(32:17 / All) NyZen.[eGz]: lol
(32:25 / Allies) Charlemagne69: va te faure cuire le cul
(32:26 / All) NyZen.[eGz]: ok red have 50iq brain
(32:31 / All) polskibog: Get rocked purp
(32:33 / All) polskibog: make more excuses
(32:46 / Allies) NyZen.[eGz]: teal tk us
(32:49 / All) NyZen.[eGz]: teal tk us
(32:57 / All) NyZen.[eGz]: what do you think red ? u are pro ?
(33:05 / All) polskibog: You got rocked son
(33:06 / Allies) Charlemagne69: peau de zob MOULE A GAUFRES
(33:07 / All) polskibog: cry more baby
(33:19 / All) polskibog: All I hear is WAHH WAHH WAHH
(33:24 / All) polskibog: leave and give me my win, purp
(33:26 / All) polskibog: XD
(34:03 / Allies) AndreyS: purp can u share control for me?
(34:19 / Allies) AndreyS: ty
(37:43 / Allies) AndreyS: what do u think, teal can win solo?
(38:29 / All) Charlemagne69: he tried to tp staff lol
(38:30 / All) polskibog: free xp to me
(38:32 / All) polskibog: easy son
(38:43 / All) polskibog: purp, you are easy
(38:48 / All) polskibog: stop wasting my time. give me my win.
(38:55 / All) polskibog: understand?
(39:03 / All) NyZen.[eGz]: i understand u are afraid by me
(39:04 / All) AndreyS: polskey loh
(39:10 / All) NyZen.[eGz]: like a little girl
(39:16 / All) polskibog: american noob
(39:18 / All) polskibog: get raped
(39:21 / All) polskibog: by big poland dick
(39:24 / All) NyZen.[eGz]: u want 1vs1 with me red ?
(39:35 / All) NyZen.[eGz]: or u are afraid like a little girl ?
(39:35 / All) polskibog: Zzzzzzz
(39:36 / All) polskibog: U LOSE
(39:47 / Allies) Charlemagne69: je te chie dans le cou
(39:49 / Allies) Charlemagne69: HAHAHAHA
(40:01 / All) AndreyS: loh
(40:36 / All) NyZen.[eGz]: red and teal are the same guy
(41:01 / All) NyZen.[eGz]: i go to facebook, bye
(41:04 / Allies) Charlemagne69: he is my french brother
(41:07 / Allies) Charlemagne69: my polish brother
(41:14 / All) polskibog: thanks for easy win
(41:22 / All) NyZen.[eGz]: yeah little girl
(41:25 / All) Charlemagne69: no problem, polish brother. from france with love
(41:35 / All) NyZen.[eGz]: still afraid to make 1vs1 with me teal or red ?
(41:40 / All) polskibog: france great nation teal
(41:41 / All) Charlemagne69: Let none say the French people are without honor, a win promised, a win delivered
(41:41 / All) NyZen.[eGz]: oh it's so cute
(41:42 / All) polskibog: ty man
(41:52 / All) Charlemagne69: Thank you, I respect also your great nation of Poland
(42:01 / All) polskibog: very good french enemy surrenders to poland
(42:05 / Allies) AndreyS: pl piss of shit
(43:49 / All) Charlemagne69: Why insult great france?
(44:00 / All) Charlemagne69: ostreipyge, pine d'huitre
(44:19 / All) AndreyS: teal fucking gay
(44:24 / All) AndreyS: & rat
(44:48 / All) Charlemagne69: You dare insult the people of France? Our heroic leader Charlemagne?
(45:10 / All) AndreyS: nap
(45:12 / All) Charlemagne69: I not like dirty kraut
(45:22 / All) AndreyS: gay
(45:24 / All) AndreyS: rat
(45:27 / All) AndreyS: pussy
(45:29 / All) AndreyS: =)
(45:30 / All) Charlemagne69: I piss of you, stinky german
(45:36 / All) polskibog: you are pussy oj, you get raped
(45:49 / All) AndreyS: not teammate
(45:54 / All) AndreyS: gay only
(46:02 / All) Charlemagne69: i never join hands with krauts, never
(46:11 / All) Charlemagne69: I form secret pact with great polish people
(46:15 / All) Charlemagne69: french and polish great friends
(46:19 / All) Charlemagne69: germans never
(46:26 / All) polskibog: poland victory again
(46:39 / All) AndreyS: pl shit country
(46:49 / All) polskibog: your country raped by refugees
(46:50 / All) AndreyS: will bee raped all the time
(46:54 / All) polskibog: my country 100% polish
(47:05 / All) polskibog: german only exist to be raped
(47:26 / All) NyZen.[eGz]: lol
(47:43 / All) AndreyS: teal pussy
(47:49 / All) AndreyS: gay
(47:51 / Allies) Charlemagne69: i destroy you
(47:51 / All) AndreyS: trans
(47:56 / All) AndreyS: pussy
(47:58 / All) NyZen.[eGz]: tu sais de quelle famille vient Charlemagne teal ?
(48:03 / Allies) Charlemagne69: no match for me, kraut merde
(48:14 / All) AndreyS: gay only
(48:17 / All) NyZen.[eGz]: le mec il a un pseudo historique mais il connait rien à l'histoire.
(48:18 / All) AndreyS: ass hole
(48:29 / All) Charlemagne69: CHARLEMAGNE FRANCAIS!!!!!
(48:53 / All) NyZen.[eGz]: Charlemagne est un carolingien, crétin.
(49:07 / All) NyZen.[eGz]: Et tu sais d'ou sont originaire les carolingiens, crétin ?
(49:17 / All) polskibog: zz is like wwii, i wait while friends like france rape german asshole
(49:17 / Allies) Charlemagne69: VA TE FAIR VOIRE ANDOUILLE
(49:21 / All) polskibog: for me
(49:24 / All) polskibog: hahaha
(49:34 / All) NyZen.[eGz]: Ils viennent d'Allemagne, crétin.
(49:38 / All) AndreyS: no 1 ger in team, idiots =)
(49:56 / All) NyZen.[eGz]: Tu sais d'ou vient les francs qui a donné le nom à la France et aux français ?
(50:09 / Allies) Charlemagne69: PARLER COMME UNE VACHE ESPAGNOLE
(50:57 / All) polskibog: surrender german or u we nuremberg u
(52:19 / Allies) Charlemagne69: HAHAHAHA CASSE-TOI!!!!! LAVETTE